Map: 10000 Feet LE

Players

GoodMorning

  • Race: Terran Terran
  • League: Diamond
  • Spawn Location: 5:00

Shader - Winner!

  • Race: Zerg Zerg
  • League: Diamond
  • Spawn Location: 11:00

VOD

Have the link to the VOD?

Description

Time

  • Played on: Feb. 22, 2026, 5:20 p.m.
  • Length: 21:48
Show
View Real Time Build Order
Export as new Build Order

GoodMorning Terran 

Build Orders: Hellion Opening 

Get SALT Encoding   

  12  0:00  SCV  
  13  0:12  SCV  
  14  0:17  Supply Depot  
  14  0:24  SCV  
  15  0:38  SCV  
  15  0:42  Barracks  
  16  0:46  Refinery  
  16  0:51  SCV  
  17  1:03  SCV  
  18  1:15  SCV  
  19  1:28  Orbital Command  
  19  1:30  Barracks Reactor  
  19  1:42  Command Center  
  19  1:48  Supply Depot  
  19  1:57  SCV  
  20  2:08  Marine x2  
  20  2:09  SCV  
  20  2:14  Factory  
  23  2:21  SCV  
  24  2:23  Refinery  
  24  2:26  Marine x2  
  26  2:35  SCV  
  27  2:44  Marine x2  
  27  2:47  SCV  
  30  2:53  Orbital Command  
  30  3:03  Starport  
  30  3:10  SCV  
  31  3:15  Hellion x2  
  31  3:16  Marine  
  36  3:20  SCV  
  36  3:22  SCV  
  38  3:31  Supply Depot  
  38  3:34  Marine  
  38  3:36  Hellion x2, SCV  
  45  3:44  Medivac  
  46  3:52  SCV x2  
  48  3:57  Hellion  
  48  3:58  Hellion  
  48  4:01  Armory  
  52  4:04  Fusion Core  
  20  4:41  Hellion x3  
  20  4:42  Hellion  
  19  4:48  SCV  
  20  4:54  SCV  
  20  4:58  Starport Tech Lab  
  21  5:00  SCV  
  22  5:10  SCV  
  22  5:12  SCV  
  24  5:27  Battlecruiser  
  30  5:33  SCV  
  30  5:34  SCV  
  26  5:57  SCV x2  
  26  6:01  Hellbat x2  
  26  6:02  Barracks Tech Lab  
  30  6:09  SCV x2  
  30  6:21  SCV x2  
  30  6:25  Hellbat x2  
  36  6:31  Marauder  
  36  6:32  Concussive Shells  
  38  6:33  SCV  
  38  6:34  SCV  
  40  6:46  SCV x2  
  42  6:52  Marauder  
  44  6:55  Medivac x2  
  44  6:58  SCV x2  
  50  7:07  Barracks  
  44  7:08  Barracks  
  44  7:11  SCV x2  
  46  7:17  Marauder  
  46  7:19  Stimpack  
  48  7:26  SCV  
  48  7:27  SCV  
  50  7:35  Refinery  
  50  7:38  Marauder, SCV  
  50  7:39  SCV  
  54  7:44  Barracks  
  54  7:45  Barracks  
  54  7:56  Barracks Reactor x2  
  54  8:00  Supply Depot  
  54  8:04  Engineering Bay  
  54  8:07  Engineering Bay  
  54  8:15  Supply Depot  
  54  8:21  Medivac x2, SCV x2  
  54  8:22  Marauder, Refinery  
  62  8:33  Barracks Tech Lab x2  
  62  8:36  Marine x4  
  62  8:39  Supply Depot  
  66  8:45  Terran Infantry Weapons Level 1  
  66  8:47  Terran Infantry Armor Level 1  
  66  8:48  SCV x2  
  68  8:55  Terran Vehicle Weapons Level 1  
  68  8:57  Marine x2  
  68  9:01  Marine x2, Marauder  
  74  9:03  Marauder  
  74  9:07  Marauder  
  74  9:09  Combat Shield  
  78  9:18  Supply Depot  
  78  9:21  Supply Depot  
  78  9:24  Missile Turret  
  78  9:39  Marine x4  
  78  9:40  Marauder x2  
  78  9:42  SCV x2  
  78  9:43  Marauder  
  90  9:54  Command Center  
  90  10:04  Marine x3  
  90  10:05  Marine  
  94  10:08  Supply Depot  
  94  10:12  Supply Depot  
  94  10:29  Thor  
  94  10:30  SCV x2  
  102  10:36  Supply Depot  
  102  10:40  Marine x4  
  102  10:42  Marauder x2  
  110  10:47  Supply Depot  
  110  10:50  Terran Infantry Weapons Level 2  
  110  10:54  Terran Infantry Armor Level 2  
  110  10:57  Terran Vehicle And Ship Armor Level 1  
  110  10:58  Marauder  
  112  11:05  Orbital Command  
  112  11:17  Supply Depot  
  112  11:20  SCV x2  
  112  11:24  Orbital Command  
  112  11:25  Supply Depot  
  114  11:29  Marine x4  
  114  11:30  Marauder  
  114  11:31  Marauder x2  
  124  11:41  Thor  
  124  11:44  Medivac  
  132  11:47  Medivac  
  109  12:17  Marauder x3, Marine x4  
  84  12:27  Medivac x2  
  84  12:29  SCV x3  
  79  12:35  Marine x4  
  75  12:38  Marine, Marauder x2  
  75  12:40  Thor  
  84  12:51  SCV x2  
  84  12:52  SCV  
  84  12:53  Marine  
  84  12:57  Medivac x2  
  90  12:59  Marauder, Marine x3  
  90  13:01  Marauder  
  90  13:03  Marauder  
  99  13:07  SCV  
  99  13:10  Terran Infantry Weapons Level 3  
  100  13:14  Terran Infantry Armor Level 3  
  100  13:18  Terran Vehicle Weapons Level 2  
  100  13:21  SCV x2  
  100  13:22  SCV  
  103  13:28  Refinery  
  103  13:31  Refinery  
  103  13:34  Marauder x3, Marine x2  
  109  13:35  Marine  
  109  13:36  Marine  
  113  13:44  Thor  
  119  13:56  Barracks  
  119  13:59  Barracks  
  119  14:01  Barracks, SCV  
  119  14:02  SCV x2  
  122  14:17  Marauder  
  122  14:18  Marauder x2, Marine  
  122  14:19  Marine x2  
  122  14:20  Marine  
  122  14:21  Sensor Tower  
  122  14:23  SCV  
  133  14:25  SCV  
  133  14:26  SCV  
  135  14:37  Marine  
  135  14:38  Marine x2  
  137  14:39  Marine  
  137  14:40  Marauder x2  
  137  14:42  Marauder  
  145  14:47  Barracks Tech Lab  
  145  14:48  Barracks Tech Lab  
  145  14:49  Barracks Tech Lab  
  145  15:00  Command Center  
  145  15:20  Marauder x5  
  145  15:21  Marauder  
  157  15:26  Marine  
  157  15:28  Marine x2  
  157  15:29  Marine  
  134  15:43  Marauder x2  
  134  15:44  Marauder x3, Marine x2  
  134  15:46  Marine  
  134  15:53  Medivac x2  
  111  16:09  Thor  
  115  16:14  Marine x2  
  115  16:15  Marine  
  112  16:21  Marine  
  112  16:22  Viking  
  112  16:23  Viking, Marauder  
  112  16:24  Marauder  
  121  16:26  Marauder  
  123  16:33  Planetary Fortress  
  123  16:38  Neosteel Armor  
  123  16:40  Hi-Sec Auto Tracking  
  123  16:44  Missile Turret  
  123  16:47  Missile Turret  
  123  16:50  SCV x3  
  126  16:58  Thor  
  132  17:01  Viking  
  132  17:02  Viking  
  132  17:07  Marine x2  
  132  17:08  Marine x2  
  140  17:09  Marauder  
  140  17:10  Marauder  
  140  17:11  Marauder  
  140  17:13  Marauder  
  150  17:16  Marauder  
  150  17:17  Marauder  
  81  17:48  Marine x4  
  81  17:49  Marauder  
  81  17:50  Marauder x5  
  81  18:11  Marauder x2  
  76  18:13  Refinery  
  76  18:17  Refinery  
  73  18:22  Command Center  
  72  18:33  Viking x2  
  76  18:35  Marine x2  
  76  18:36  Marine x2  
  76  18:37  Marauder x4  
  76  18:38  Marauder x2  
  92  18:43  Thor  
  98  19:02  Ghost Academy  
  98  19:10  Viking  
  98  19:11  Viking  
  98  19:13  Marine x4  
  98  19:15  Marauder  
  108  19:17  Marauder  
  108  19:21  Marauder  
  112  19:26  Marauder  
  112  19:30  Marauder  
  116  19:35  Ghost  
  100  20:13  Planetary Fortress  
  100  20:15  Missile Turret  
  100  20:34  Ghost  
  102  20:37  Ghost  
  104  20:52  SCV  
  104  20:55  SCV  
  104  20:56  SCV  
Show
View Real Time Build Order
Export as new Build Order

Shader Zerg - Winner!

Build Orders: Hatch First, Lurkers, Zergling Baneling 

Get SALT Encoding   

  12  0:01  Drone  
  13  0:08  Drone  
  14  0:17  Overlord  
  14  0:35  Drone x3  
  17  0:53  Hatchery  
  17  0:57  Extractor  
  15  0:58  Drone  
  16  1:14  Spawning Pool  
  15  1:19  Drone  
  15  1:22  Drone  
  17  1:26  Drone  
  17  1:32  Drone  
  19  1:41  Drone  
  20  1:58  Drone  
  21  2:04  Queen  
  21  2:05  Overlord  
  24  2:08  Zergling x2  
  24  2:16  Zergling x2  
  24  2:18  Queen  
  27  2:24  Metabolic Boost  
  27  2:28  Drone  
  28  2:31  Drone  
  29  2:37  Drone  
  29  2:42  Baneling Nest  
  29  2:46  Zergling x2  
  29  2:47  Zergling x2  
  29  2:49  Zergling x2  
  32  3:04  Zergling x2  
  33  3:07  Zergling x4  
  33  3:12  Zergling x2  
  36  3:13  Overlord  
  36  3:14  Overlord  
  36  3:24  Overlord  
  36  3:31  Zergling x2  
  36  3:32  Zergling x4  
  36  3:33  Drone  
  40  3:37  Baneling  
  40  3:38  Baneling x7  
  40  3:43  Drone, Zergling x2  
  40  3:44  Drone  
  43  3:49  Zergling x4  
  43  3:53  Drone  
  46  4:00  Zergling x6  
  49  4:03  Drone  
  40  4:34  Evolution Chamber  
  40  4:35  Evolution Chamber  
  40  4:36  Drone x4  
  40  4:38  Roach Warren  
  38  4:49  Extractor, Lair  
  38  4:51  Drone x3  
  40  5:00  Extractor  
  40  5:02  Drone, Extractor  
  40  5:03  Drone x2  
  40  5:04  Drone x5  
  46  5:17  Roach x3  
  46  5:21  Baneling x4  
  52  5:23  Drone x2  
  54  5:28  Drone  
  54  5:31  Drone x3  
  58  5:40  Drone x2  
  58  5:41  Overlord  
  58  5:54  Roach x2  
  59  6:01  Roach  
  59  6:02  Roach x2  
  59  6:03  Roach  
  67  6:11  Glial Reconstitution  
  67  6:23  Overlord  
  67  6:24  Evolution Chamber  
  66  6:28  Roach  
  66  6:29  Overlord  
  66  6:30  Overlord  
  66  6:32  Zerg Missile Weapons Level 1, Hydralisk Den  
  67  6:39  Queen, Spore Crawler  
  68  6:41  Spore Crawler  
  68  6:43  Spore Crawler  
  68  6:47  Ravager x3  
  64  6:50  Spore Crawler  
  63  6:58  Ravager  
  57  7:07  Hydralisk x2  
  61  7:10  Drone x2  
  61  7:11  Drone x4  
  67  7:16  Drone  
  68  7:25  Hydralisk  
  68  7:27  Hydralisk x2  
  74  7:45  Spire, Hydralisk  
  74  7:49  Hatchery  
  74  7:53  Drone x2  
  76  8:11  Zerg Ground Armor Level 1, Hydralisk x3  
  82  8:13  Drone x3  
  85  8:21  Drone  
  85  8:23  Queen  
  85  8:25  Overseer  
  88  8:30  Grooved Spines  
  88  8:40  Centrifugal Hooks  
  88  8:43  Hydralisk x2  
  88  8:46  Overlord  
  92  8:57  Overlord  
  92  8:58  Overlord  
  92  8:59  Zerg Flyer Weapons Level 1  
  92  9:02  Queen  
  92  9:03  Drone  
  92  9:04  Drone x2  
  92  9:06  Drone  
  98  9:10  Corruptor  
  98  9:15  Corruptor  
  102  9:20  Drone  
  102  9:22  Drone x2  
  102  9:23  Drone  
  107  9:24  Drone  
  107  9:29  Corruptor  
  109  9:37  Overseer  
  109  9:39  Overseer  
  109  9:42  Zergling x6  
  109  9:44  Drone x2  
  114  9:48  Zerg Missile Weapons Level 2  
  114  10:00  Infestation Pit  
  114  10:05  Baneling  
  114  10:06  Baneling x5  
  113  10:10  Drone x2  
  113  10:12  Extractor  
  113  10:13  Extractor  
  113  10:17  Muscular Augments  
  113  10:20  Drone x3  
  113  10:21  Hydralisk x2  
  116  10:23  Zergling x4  
  116  10:27  Overseer  
  122  10:34  Overlord x2  
  122  10:41  Overlord  
  122  10:44  Zerg Melee Weapons Level 1  
  122  10:49  Overlord x3  
  122  10:52  Drone x2  
  122  10:53  Drone x2  
  122  10:54  Corruptor x2  
  130  11:01  Hive  
  130  11:04  Drone  
  130  11:10  Baneling x4  
  131  11:15  Infestor  
  133  11:18  Drone  
  134  11:27  Infestor  
  134  11:29  Overlord  
  134  11:31  Drone  
  134  11:32  Drone x3, Hatchery  
  139  11:39  Infestor  
  141  11:41  Zergling x10  
  141  11:42  Zergling x10  
  151  11:47  Zerg Ground Armor Level 2  
  105  12:24  Hydralisk x5  
  105  12:25  Hydralisk  
  105  12:27  Roach x9  
  105  12:28  Zergling x2  
  105  12:29  Zergling x12  
  133  12:46  Queen  
  133  12:48  Drone  
  136  12:55  Lurker Den, Hydralisk x2  
  139  13:02  Drone  
  139  13:03  Drone x2  
  139  13:04  Drone x3  
  145  13:10  Zerg Missile Weapons Level 3  
  145  13:15  Greater Spire  
  145  13:21  Drone x2  
  145  13:23  Extractor  
  145  13:24  Extractor  
  145  13:32  Queen, Overlord  
  147  13:34  Overlord, Queen  
  147  13:36  Queen  
  147  13:37  Overlord  
  147  13:38  Drone x5  
  156  13:44  Adrenal Glands  
  156  13:53  Lurker x6  
  162  13:58  Unknown  
  162  14:05  Adaptive Talons  
  162  14:14  Drone x3  
  162  14:15  Drone x2  
  167  14:32  Corruptor x3  
  167  14:33  Corruptor  
  167  14:34  Corruptor x2  
  179  14:42  Zerg Flyer Armor Level 1  
  179  14:48  Drone x2  
  179  14:49  Drone x3  
  184  15:03  Hatchery  
  183  15:08  Brood Lord x4  
  183  15:12  Overlord x3  
  191  15:18  Overseer  
  191  15:21  Pneumatized Carapace  
  191  15:24  Burrow  
  143  15:39  Infestor x3  
  138  15:51  Brood Lord  
  138  15:52  Brood Lord  
  138  15:53  Hydralisk x2  
  138  15:55  Zergling x20  
  138  15:57  Zergling x28  
  162  16:09  Roach  
  162  16:10  Roach x11  
  174  16:12  Zergling x4  
  174  16:20  Baneling x11  
  174  16:26  Hydralisk x2  
  174  16:32  Lurker  
  179  16:39  Drone x3  
  182  16:40  Queen  
  184  16:48  Baneling x13  
  184  16:56  Extractor x2  
  184  17:00  Lurker x2  
  184  17:03  Corruptor  
  131  18:04  Roach x12  
  148  18:05  Hydralisk  
  148  18:06  Hydralisk x7  
  148  18:08  Zergling x12  
  160  18:26  Hydralisk x2  
  161  18:27  Queen  
  159  18:37  Ultralisk Cavern  
  158  18:47  Baneling x12  
  158  18:48  Lurker x8  
  159  18:53  Zergling x6, Hatchery  
  159  18:54  Zergling x8  
  172  18:58  Zerg Melee Weapons Level 2  
  172  19:18  Hatchery  
  171  19:30  Baneling x3  
  163  19:54  Mutalisk x3  
  163  19:55  Mutalisk x6  
  163  19:57  Zergling x2  
  163  19:59  Overlord x4  
  182  20:06  Baneling x6  
  182  20:25  Zergling x12  
  182  20:27  Ravager  
  189  20:29  Ravager x6  
  195  20:37  Spine Crawler  
  195  20:38  Spine Crawler x2  
  195  20:41  Spine Crawler  
  195  20:42  Drone, Spine Crawler  
  192  20:43  Spine Crawler, Queen  
  192  20:44  Drone x3, Spine Crawler  
  194  21:02  Spine Crawler x2  
  194  21:03  Spine Crawler  
  191  21:04  Corruptor  
  191  21:05  Corruptor x3  
  191  21:09  Baneling x9  
  199  21:16  Extractor  
  198  21:19  Extractor  
Tags
 
Add a new tag
Caveats
  • Supply blocks, unpowered buildings, or Contaminate may cause inaccurate times.
  • Supply counts are checked every 10 seconds.